 Dungeon Crawl Stone Soup version 0.29.1-1-gd02db6906a (webtiles) character file.

Game seed: 2190972460124597672

52 LustLizard the Slasher (level 4, -2/35 HPs)
             Began as a Human Monk on Oct 21, 2022.
             Slain by Terence
             ... wielding a +3 short sword of speed
              (7 damage)
             ... on level 3 of the Dungeon.
             The game lasted 00:02:27 (2467 turns).

LustLizard the Slasher (Human Monk)                 Turns: 2467, Time: 00:02:27

Health: -2/35      AC:  7    Str: 11    XL:     4   Next: 8%
Magic:  4/4        EV: 11    Int: 10    God:
Gold:   155        SH:  0    Dex: 18    Spells: 3/3 levels left

rFire   . . .      SeeInvis .   e - +2 spear (flame)
rCold   . . .      Faith    .   (no shield)
rNeg    . . .      Spirit   .   i - +1 ring mail
rPois   .          Reflect  .   (no helmet)
rElec   .          Harm     .   (no cloak)
rCorr   +          Rampage  .   o - +0 pair of gloves
Will    .....                   (no boots)
Stlth   ++........              (no amulet)
HPRegen 0.11/turn               k - ring of resist corrosion
MPRegen 0.09/turn               (no ring)

@: no status effects
A: no striking features
a: no special abilities


You were on level 3 of the Dungeon.
You visited 1 branch of the dungeon, and saw 3 of its levels.

You collected 155 gold pieces.

Inventory:

Hand Weapons
 a - a +0 falchion
 e - a +2 spear of flaming (weapon)
Missiles
 g - 20 stones (quivered)
Armour
 b - a +0 robe
 i - a +1 ring mail (worn)
 o - a +0 pair of gloves (worn)
 p - a +0 chain mail
 q - a +0 scale mail
Jewellery
 k - a ring of resist corrosion (left hand)
 t - an amulet of faith
Scrolls
 f - a scroll of enchant armour
 h - 2 scrolls of teleportation
 j - a scroll of noise
 l - a scroll of poison {unknown}
 m - a scroll of enchant weapon {unknown}
 u - a scroll of identify {unknown}
Potions
 c - a potion of ambrosia
 d - 3 potions of heal wounds {unknown}
 n - a potion of cancellation {unknown}
 r - a potion of magic {unknown}
 s - a potion of might
 v - a potion of haste {unknown}


   Skills:
 + Level 3.4 Fighting
 * Level 3.7 Long Blades
 * Level 1.7 Throwing
 - Level 3.0 Dodging
 - Level 2.0 Stealth


You had 3 spell levels left.
You didn't know any spells.
Your spell library contained the following spells:

 Spells                   Type           Power      Damage    Failure   Level
 Foxfire                  Conj/Fire      0%         2x1d4     67%         1
 Sublimation of Blood     Necr           0%         N/A       80%         2
 Conjure Flame            Conj/Fire      0%         6-21      95%         3
 Inner Flame              Hex/Fire       0%         N/A       95%         3
 Cause Fear               Hex            0%         N/A       100%        4
 Flame Wave               Conj/Fire      0%         2d4       100%        4
 Petrify                  Tmut/Erth      0%         N/A       100%        4
 Irradiate                Conj/Tmut      0%         3d11      100%        5
 Discord                  Hex            0%         N/A       100%        8


Dungeon Overview and Level Annotations

Branches:
Dungeon (3/15)

Altars:

Annotations:
D:3 Terence


Message History

The helpless endoplasm fails to defend itself.
You hit the endoplasm. You burn the endoplasm.
You kill the endoplasm!
No target in view!
No target in view!
v - a murky dark potion
Found a robe.
You now have 155 gold pieces (gained 9).
Found a club and a mace.
g - 21 stones (gained 6)
You open the door.
Terence the Incautious comes into view.
He is wielding a +3 short sword of speed and carrying a wand of flame (19).
Terence shouts!
Throw: 21 stones
Press: ? - help, Q - select action Shift-Dir - straight line, f - Terence
Aim: Terence, wielding a +3 short sword of speed, wearing a +0 scale mail and carrying a wand of flame (19) (65% to hit)
You throw a stone. The stone closely misses Terence.
Unknown command.
You reach to attack!
You hit Terence but do no damage. You closely miss Terence.
Terence says, "How do you enjoy it?"
Terence hits you with a +3 short sword of speed.
You hit Terence. You burn Terence.
Terence is lightly wounded.
Terence hits you with a +3 short sword of speed.
Terence drinks a potion.
Terence seems to grow stronger.
You hit Terence but do no damage.
Terence is lightly wounded.
Terence hits you with a +3 short sword of speed.
You hit Terence. You burn Terence.
Terence is heavily wounded.
Terence hits you with a +3 short sword of speed.
You barely miss Terence.
Terence is heavily wounded.
Terence hits you with a +3 short sword of speed! x2
* * * LOW HITPOINT WARNING * * *
You hit Terence. You burn Terence.
Terence is heavily wounded.
Terence hits you with a +3 short sword of speed!
You die...

.. #. .. #.
#. #. ##@##
##..@##
##.....##
##.......##
#.....))..#
+.........+
#...#######
##..#
##.##♣♣♣ ♣
##....♣.♣


You could see Terence (strong).

Vanquished Creatures
  An adder (D:2)
  A gnoll (D:1)
  A dart slug (D:2)
  3 bats
  6 endoplasms
  A goblin (D:1)
  3 hobgoblins
  2 quokkas
  3 ball pythons (D:1)
  2 frilled lizards (D:2)
  3 kobolds (D:1)
  5 rats (D:1)
31 creatures vanquished.

Notes
Turn   | Place    | Note
-------+----------+-------------------------------------------
     0 | D:1      | LustLizard the Human Monk began the quest for the Orb.
     0 | D:1      | Reached XP level 1. HP: 18/18 MP: 1/1
   185 | D:1      | Reached XP level 2. HP: 24/24 MP: 2/2
   958 | D:1      | Reached skill level 1 in Throwing
   958 | D:1      | Reached XP level 3. HP: 18/29 MP: 3/3
  1232 | D:1      | Found a faded altar of an unknown god.
  2174 | D:2      | Reached XP level 4. HP: 35/35 MP: 4/4
  2459 | D:3      | Noticed Terence
  2467 | D:3      | Slain by Terence

Illustrated notes

Levels and vault maps discovered:
D:1:      dpeg_arrival_rooms_a, layout_loops_ring, serial_co_window_serial,
          co_window_paths_b, co_window_of_opportunity_a, co_window_corner_a,
          co_window_paths_b, co_window_paths_a, co_window_corner_cb,
          co_window_paths_c, co_window_corner_b, co_window_of_opportunity_b,
          co_window_2corner, co_window_broadway_a, co_window_paths_e,
          shapermc_ecumenical_altar_mp_highgroup
D:2:      layout_basic, feat_on_display
D:3:      layout_loops_corners, overflow_temple_1_default, nicolae_titane,
          uniq_natasha, uniq_crazy_yiuf_cottage, uniq_terence

Skill      XL: |  1  2 |
---------------+-------+-----
Throwing       | 1 |  1.7
Fighting       | |  3.4
Long Blades    | |  3.7
Dodging        | |  3.0
Stealth        | |  2.0

Action                   |  1- 3 |  4- 6 || total
-------------------------+-------+-------++-------
Melee: Spear             |    60 |     9 ||    69
       Falchion          |     2 |       ||     2
Throw: Stone             |     3 |     1 ||     4
  Use: Scroll            |     2 |     1 ||     3
 Stab: Sleeping          |     8 |     1 ||     9
Armor: Ring mail         |     9 |       ||     9
Dodge: Dodged            |    17 |       ||    17
